 Dungeon Crawl Stone Soup version 0.27.1-34-g3ba077fa99 (webtiles) character file.

Game seed: 9700560057551114784

116 mcbry74 the Chopper (level 5, -6/46 HPs)
             Began as a Hill Orc Berserker on Jan 24, 2022.
             Was a Believer of Trog.
             Mangled by a wyvern skeleton (11 damage)
             ... on level 3 of the Dungeon.
             The game lasted 00:05:40 (3021 turns).

mcbry74 the Chopper (Hill Orc Berserker)            Turns: 3021, Time: 00:05:41

Health: -6/46      AC:  9    Str: 21    XL:     5   Next: 1%
Magic:  5/5        EV:  8    Int:  7    God:    Trog [**....]
Gold:   107        SH:  0    Dex: 10    Spells: 4/4 levels left

rFire    . . .     SeeInvis .   o - +0 war axe
rCold    . . .     Faith    .   (no shield)
rNeg     . . .     Spirit   .   k - +0 chain mail
rPois    +         Reflect  .   (no helmet)
rElec    .         Harm     .   (no cloak)
rCorr    .         Rampage  .   (no gloves)
Will     .....                  (no boots)
Stlth    ..........             (no amulet)
HPRegen  0.15/turn              e - ring of poison resistance
MPRegen  0.09/turn              (no ring)

@: no status effects
A: no striking features
a: Renounce Religion, Berserk, Trog's Hand


You were on level 3 of the Dungeon.
You worshipped Trog.
Trog was pleased with you.
You visited 1 branch of the dungeon, and saw 3 of its levels.

You collected 107 gold pieces.

Inventory:

Hand Weapons
 a - a +0 hand axe
 o - a +0 war axe (weapon)
Missiles
 g - 17 poisoned darts (quivered)
 m - 65 stones
Armour
 b - a +0 animal skin
 k - a +0 chain mail (worn)
Jewellery
 e - a ring of poison resistance (left hand)
Scrolls
 c - 2 scrolls of noise {unknown}
 f - 2 scrolls of identify {unknown}
 h - a scroll of enchant armour {unknown}
 i - a scroll of vulnerability {unknown}
 l - 2 scrolls of teleportation {unknown}
 n - a scroll of amnesia {unknown}
Potions
 j - a potion of attraction {unknown}


   Skills:
 + Level 4.1 Fighting
 * Level 6.6 Axes
 + Level 2.8 Armour
 - Level 1.5 Dodging


You had 4 spell levels left.
You didn't know any spells.
Your spell library was empty.

Dungeon Overview and Level Annotations

Branches:
Dungeon (3/15)

Altars:


Message History

There is a stone staircase leading up here.
You open the door.
Found a scroll labelled SEUBRA LIXT.
There is an open door here.
l - 2 scrolls labelled SEUBRA LIXT (gained 1)
You open the door.
There is an open door here.
You open the door.
Found a stone staircase leading down.
There is an open door here.
An orc comes into view. It is wielding a +0 short sword.
The orc shouts!
You closely miss the orc. The orc hits you but does no damage.
The orc hits you with a +0 short sword.
You slash the orc!
You kill the orc!
Trog accepts your kill.
You have reached level 5!
You feel stronger.
There is a stone staircase leading down here.
You see here a +0 short sword.
A wyvern skeleton comes into view.
You hit the wyvern skeleton.
The wyvern skeleton is lightly damaged.
The wyvern skeleton bites you! x2
You hit the wyvern skeleton.
The wyvern skeleton is lightly damaged.
The wyvern skeleton bites you.
You hit the wyvern skeleton.
The wyvern skeleton is moderately damaged.
The wyvern skeleton bites you.
The wyvern skeleton bites you but does no damage.
You slash the wyvern skeleton!
The wyvern skeleton is heavily damaged.
The wyvern skeleton bites you!
* * * LOW HITPOINT WARNING * * *
It was a potion of curing.
You feel better. The wyvern skeleton bites you!
* * * LOW HITPOINT WARNING * * *
The wyvern skeleton bites you!
You die...

#.................+...#.....<..
###.#..#.....^....###.#.####..#
#.#......######## #.#........
#.######........# #.######..#
.. ########.###..# #..#
#....##..## #..# #....##...#
#..# .#######....##.#.# #..#
......Z@.#+###.#.## #..#
########.# #.#..# #..# #...
#.##.###..# ##### #.##..##..#
#.###.##..# #.# #.##..# #.#
#..#..# #.# ##.#... #.####...##


You could see a wyvern skeleton.

Vanquished Creatures
  Natasha (D:2)
  2 adders
  A worm (D:3)
  2 dart slugs (D:2)
  2 orcs (D:3)
  An endoplasm (D:1)
  3 giant cockroaches
  9 goblins
  8 hobgoblins
  A quokka (D:2)
  8 ball pythons
  9 bats
  3 frilled lizards
  4 kobolds
  10 rats
64 creatures vanquished.

Notes
Turn   | Place    | Note
-------+----------+-------------------------------------------
     0 | D:1      | mcbry74 the Hill Orc Berserker began the quest for the Orb.
     0 | D:1      | Reached XP level 1. HP: 19/19 MP: 1/1
   232 | D:1      | Reached XP level 2. HP: 24/26 MP: 2/2
   557 | D:1      | Reached skill level 5 in Axes
   836 | D:1      | Reached ** piety under Trog
   837 | D:1      | Reached XP level 3. HP: 24/31 MP: 3/3
  1373 | D:2      | Found a faded altar of an unknown god.
  1532 | D:2      | Reached skill level 6 in Axes
  1773 | D:2      | Noticed Natasha
  1782 | D:2      | Killed Natasha
  1783 | D:2      | Reached XP level 4. HP: 23/40 MP: 4/4
  2982 | D:3      | Reached XP level 5. HP: 45/46 MP: 5/5
  3021 | D:3      | Mangled by a wyvern skeleton

Illustrated notes

Levels and vault maps discovered:
D:1:      elethiomel_arrival_quiet, layout_rooms
D:2:      minmay_diamond_boxcup, layout_basic, ebering_ecumenical_altar_rust,
          uniq_natasha
D:3:      layout_basic, kennysheep_flooded_box, hex_tiny

Skill      XL: |  1  2  3  4 |
---------------+-------------+-----
Axes           | 5 6 |  6.6
Fighting       | 4 |  4.1
Armour         | |  2.8
Dodging        | |  1.5

Action                   |  1- 3 |  4- 6 || total
-------------------------+-------+-------++-------
Melee: Hand axe          |   109 |    67 ||   176
       War axe           |       |    18 ||    18
Throw: Dart              |     8 |       ||     8
  Use: Potion            |       |     1 ||     1
Armor: Animal skin       |    12 |       ||    12
       Chain mail        |    16 |    35 ||    51
Dodge: Dodged            |    39 |    29 ||    68
